 Dungeon Crawl Stone Soup version 0.28.0 (webtiles) character file.

Game seed: 7383994839026941572

4237 boopmooplesden the Spear-Bearer (level 10, -5/79 HPs)
             Began as a Minotaur Fighter on Feb 5, 2022.
             Was a Follower of Hepliaklqana.
             Slain by a gargoyle (11 damage)
             ... on level 7 of the Dungeon.
             The game lasted 00:10:47 (8951 turns).

boopmooplesden the Spear-Bearer (Minotaur Fighter)  Turns: 8951, Time: 00:10:48

Health: -5/79      AC: 11    Str: 23    XL:     10   Next: 9%
Magic:  9/9        EV: 12    Int:  5    God:    Hepliaklqana [*.....]
Gold:   413        SH:  5    Dex: 12    Spells: 9/9 levels left

rFire   . . .      SeeInvis .   f - +2 spear (venom)
rCold   . . .      Faith    .   c - +0 buckler
rNeg    . . .      Spirit   .   r - +2 ring mail {rPois}
rPois   +          Reflect  .   (helmet restricted)
rElec   .          Harm     .   d - +1 cloak
rCorr   .          Rampage  .   (no gloves)
Will    .....                   (no boots)
Stlth   +.........              i - amulet of the acrobat
HPRegen 0.23/turn               A - ring of flight
MPRegen 0.11/turn               (no ring)

@: flying
A: reduced essence, horns 2, retaliatory headbutt
a: Renounce Religion, Recall Ancestor, Ancestor Identity


You were on level 7 of the Dungeon.
You worshipped Hepliaklqana.
Hepliaklqana was aware of your devotion.
You visited 2 branches of the dungeon, and saw 8 of its levels.

You collected 413 gold pieces.

Inventory:

Hand Weapons
 a - a +0 long sword
 f - a +2 spear of venom (weapon)
 g - a +0 vorpal hand axe
 m - a +2 trident of freezing
 w - a +0 long sword
 J - a +8 spear
Missiles
 j - a throwing net
 u - 11 boomerangs (quivered)
Armour
 b - a +0 scale mail
 c - a +0 buckler (worn)
 d - a +1 cloak (worn)
 r - a +2 ring mail of poison resistance (worn)
 z - a +4 chain mail
Jewellery
 i - an amulet of the acrobat (around neck)
 A - a ring of flight (left hand)
 D - an amulet of magic regeneration
 G - a ring of poison resistance
 I - a ring of protection from fire
Wands
 k - a wand of flame (21)
 v - a wand of iceblast (27)
 x - a wand of acid (6)
 y - a wand of mindburst (26)
 C - a wand of polymorph (8)
Scrolls
 p - a scroll of immolation
 q - 3 scrolls of fog
 t - a scroll of identify
 F - a scroll of enchant weapon
Potions
 e - 2 potions of attraction {unknown}
 h - 3 potions of ambrosia {unknown}
 l - a potion of mutation {unknown}
 n - a potion of haste {unknown}
 o - 3 potions of brilliance {unknown}
 s - a potion of heal wounds {unknown}
 B - a potion of flight {unknown}
 E - a potion of degeneration {unknown}


   Skills:
 + Level 7.9 Fighting
 + Level 3.9 Long Blades
 + Level 10.2 Polearms
 + Level 1.6 Throwing
 + Level 8.0 Armour
 + Level 5.4 Dodging
 + Level 1.6 Stealth
 + Level 7.4 Shields


You had 9 spell levels left.
You didn't know any spells.
Your spell library was empty.

Dungeon Overview and Level Annotations

Branches:
Dungeon (7/15)             Temple (1/1) D:6

Altars:
Ashenzari
Cheibriados
Dithmenos
Fedhas
Gozag
Hepliaklqana
Kikubaaqudgha
Makhleb
Nemelex Xobeh
Qazlal
Ru
Sif Muna
Trog
Uskayaw
Wu Jian
Xom
Yredelemnul
The Shining One


Innate Abilities, Weirdness & Mutations

Your life essence is reduced to manifest your ancestor. (-10% HP)
You have a pair of horns on your head.
You reflexively headbutt those who attack you in melee.


Message History

You barely miss the gargoyle.
The gargoyle is lightly damaged.
You hit the gargoyle but do no damage.
The gargoyle is lightly damaged.
Huemac hits the gargoyle but does no damage.
The gargoyle hits you with a +0 mace!
You hit the gargoyle but do no damage. Your headbutt misses the gargoyle.
The gargoyle is lightly damaged.
Huemac hits the gargoyle.
The gargoyle closely misses you.
You barely miss the gargoyle.
The gargoyle is moderately damaged.
You hit the gargoyle but do no damage.
The gargoyle is moderately damaged.
Huemac hits the gargoyle but does no damage.
The gargoyle completely misses you. You furiously retaliate!
You headbutt the gargoyle. You hit the gargoyle but do no damage.
The gargoyle is heavily damaged.
Huemac hits the gargoyle but does no damage.
The gargoyle barely misses Huemac.
You hit the gargoyle but do no damage.
The gargoyle is heavily damaged.
You barely miss the gargoyle.
The gargoyle is heavily damaged.
Huemac closely misses the gargoyle.
The gargoyle hurls a stone arrow at you.
The stone arrow hits you!
You hit the gargoyle.
You headbutt the gargoyle, but do no damage.
The gargoyle is heavily damaged.
You closely miss the gargoyle.
The gargoyle is heavily damaged.
Huemac hits the gargoyle but does no damage.
The gargoyle hurls a stone arrow at you.
The stone arrow hits you!!
* * * LOW HITPOINT WARNING * * *
You hit the gargoyle but do no damage.
The gargoyle is heavily damaged.
Huemac barely misses the gargoyle.
The gargoyle hits you with a +0 mace!
You die...

.# #...# #.#.## #.#
.###...###########.#..###.#
.............|.........##.#
.........##.##.#######.##.#
.#.#..###....#.#.....#.##.#
.#....(..#.##..#.#'#.#.#..#
.####.#...####.#.#)#.#.#..#
.#.#.#.##.###..#9###.#....#
.##..##.####...#@R...#.#.##
..#........###.###'###.#.#
..####....#..#........)..#
.#.####..#(##.##.###.#...#
........#.#..#...##.#..#.#
..###.##.#.#####..####...#
........#..#....#.#..#..##
..##.###...##.##..#.##..#
.........#####...)......#


You could see the friendly Huemac the ancestor and a gargoyle (ally target).

Vanquished Creatures
  A two-headed ogre (D:7)
  A wraith (D:7)
  Sigmund (D:2)
  A steam dragon (D:6)
  Menkaure (D:5)
  A water moccasin (D:7)
  A black bear (D:4)
  An ice beast (D:7)
  A hornet zombie (D:7)
  A necrophage (D:7)
  3 ogres
  2 centaurs
  A gnoll sergeant (D:6)
  3 bullfrogs
  Blork the orc (D:5)
  4 scorpions
  A wyvern skeleton (D:6)
  A water moccasin skeleton (D:5)
  4 wights (D:7)
  2 howler monkeys
  2 bullfrog zombies
  3 centaur zombies (D:7)
  4 hounds
  A centaur skeleton (D:7)
  An orc priest (D:6)
  Crazy Yiuf (D:5)
  Ijyb (D:4)
  Terence (D:2)
  4 iguanas
  An orc wizard (D:3)
  2 killer bee zombies (D:7)
  A hound zombie (D:5)
  A hound skeleton (D:5)
  A mummy (D:7)
  A howler monkey zombie (D:6)
  9 gnolls
  10 adders
  A white imp (D:5)
  An ufetubus (D:5)
  An adder skeleton (D:4)
  3 worms
  2 dart slugs
  15 orcs
  6 endoplasms
  4 giant cockroaches
  11 goblins
  3 hobgoblins
  8 jackals
  2 quokkas
  4 ball pythons
  7 bats
  A frilled lizard (D:2)
  2 kobolds
  3 rats
150 creatures vanquished.

Vanquished Creatures (collateral kills)
  A shadow (D:7)
  A vampire mosquito (D:7)
  A necrophage (D:7)
  An electric eel (D:7)
  A jelly (D:7)
  A mummy (D:7)
  An orc (D:7)
7 creatures vanquished.

Vanquished Creatures (others)
  2 goblins (D:4)
  7 plants (D:7)
  2 withered plants (D:7)
11 creatures vanquished.

Grand Total: 168 creatures vanquished

Notes
Turn   | Place    | Note
-------+----------+-------------------------------------------
     0 | D:1      | boopmooplesden the Minotaur Fighter began the quest for the
                  | Orb.
     0 | D:1      | Reached XP level 1. HP: 19/19 MP: 0/0
   312 | D:1      | Reached XP level 2. HP: 27/27 MP: 1/1
   503 | D:1      | Found a faded altar of an unknown god.
  1039 | D:2      | Reached XP level 3. HP: 30/33 MP: 2/2
  1095 | D:2      | Reached XP level 4. HP: 35/41 MP: 3/3
  1161 | D:2      | Noticed Sigmund
  1168 | D:2      | Killed Sigmund
  1169 | D:2      | Reached skill level 2 in Polearms
  1169 | D:2      | Reached skill level 1 in Dodging
  1169 | D:2      | Reached XP level 5. HP: 33/47 MP: 4/4
  1407 | D:2      | Noticed Terence
  1418 | D:2      | HP: 2/47 [Terence/puff of flame (10)]
  1419 | D:2      | Killed Terence
  2021 | D:3      | Reached XP level 6. HP: 55/55 MP: 5/5
  2181 | D:3      | Reached skill level 5 in Armour
  2188 | D:3      | Reached skill level 3 in Polearms
  3133 | D:4      | Reached skill level 5 in Fighting
  3259 | D:4      | Reached skill level 4 in Polearms
  3296 | D:4      | Reached XP level 7. HP: 61/61 MP: 6/6
  3561 | D:4      | Noticed Ijyb
  3579 | D:4      | Killed Ijyb
  3920 | D:4      | Reached skill level 5 in Polearms
  3964 | D:4      | Reached skill level 5 in Shields
  4242 | D:5      | Entered Level 5 of the Dungeon
  4259 | D:5      | Noticed Menkaure
  4508 | D:5      | Reached skill level 6 in Polearms
  4625 | D:5      | Found a runed translucent door.
  4626 | D:5      | Noticed Crazy Yiuf
  4637 | D:5      | Killed Crazy Yiuf
  4768 | D:5      | Noticed Blork the orc
  4777 | D:5      | Killed Blork the orc
  4778 | D:5      | Reached XP level 8. HP: 30/70 MP: 7/7
  5022 | D:5      | Killed Menkaure
  5658 | D:6      | Reached skill level 7 in Polearms
  5965 | D:6      | Found a staircase to the Ecumenical Temple.
  5980 | Temple   | Entered the Ecumenical Temple
  6300 | Temple   | Became a worshipper of Hepliaklqana the Forgotten
  6452 | D:6      | Reached skill level 8 in Polearms
  7053 | D:7      | Reached XP level 9. HP: 63/76 MP: 8/8
  7216 | D:7      | Reached * piety under Hepliaklqana
  7226 | D:7      | Reached skill level 1 in Stealth
  7319 | D:7      | Reached skill level 1 in Throwing
  7327 | D:7      | HP: 2/71 [ogre (28)]
  7789 | D:7      | Reached skill level 9 in Polearms
  8783 | D:7      | Noticed a two-headed ogre
  8790 | D:7      | Reached skill level 5 in Dodging
  8795 | D:7      | Killed a two-headed ogre
  8796 | D:7      | Reached skill level 10 in Polearms
  8796 | D:7      | Reached XP level 10. HP: 58/79 MP: 9/9
  8929 | D:7      | Noticed a gargoyle
  8951 | D:7      | Slain by a gargoyle

Illustrated notes

Levels and vault maps discovered:
D:1:      dpeg_arrival_rooms_c, layout_loops_corners,
          shapermc_ecumenical_altar_mp_highgroup, amethyst_killhole
D:2:      layout_loops_ring, uniq_sigmund, uniq_terence
D:3:      layout_basic, minmay_quadrilaterals
D:4:      kennysheep_goblin_castle, layout_basic, serial_glass, glass_columns_c,
          glass_columns_c
D:5:      layout_basic, nicolae_fountain_basement, uniq_blork_the_orc,
          uniq_crazy_yiuf_cottage, uniq_menkaure, uniq_ijyb
D:6:      layout_loops_ring, minmay_temple_entry_gardened_gates
D:7:      layout_basic, serial_undead, serial_undead_a, serial_undead_e,
          serial_undead_f, serial_undead_b, serial_undead_f, serial_undead_f,
          minmay_shattered_shrine
Temple:   dpeg_five_rooms_temple

Skill      XL: |  1  2  3  4  5  6  7  8  9 10 |
---------------+-------------------------------+-----
Fighting       | 4 5 6 7 |  7.9
Shields        | 4 5 7 |  7.4
Long Blades    | 3 |  3.9
Armour         | 4 5 6 7 8 |  8.0
Polearms       | 2 4 6 8 10 | 10.2
Dodging        | 1 2 3 5 |  5.4
Stealth        | 1 |  1.6
Throwing       | 1 |  1.6

Action                   |  1- 3 |  4- 6 |  7- 9 | 10-12 || total
-------------------------+-------+-------+-------+-------++-------
Melee: Long sword        |    32 |       |       |       ||    32
       Headbutt          |     8 |    14 |    95 |     6 ||   123
       Spear             |    29 |    89 |   343 |    29 ||   490
Throw: Boomerang         |       |       |     6 |       ||     6
       Throwing net      |       |       |     1 |       ||     1
  Use: Potion            |       |     1 |       |       ||     1
       Scroll            |       |       |     9 |       ||     9
 Stab: Distracted        |       |       |     1 |       ||     1
Armor: Scale mail        |    27 |    38 |    45 |       ||   110
       Ring mail         |       |       |    51 |     1 ||    52
Dodge: Dodged            |    23 |    37 |   165 |     6 ||   231
Block: Buckler           |     9 |    24 |    97 |     2 ||   132
